 Dungeon Crawl Stone Soup version 0.16.1-29-g3e760ad (webtiles) character file.

46 SirValor the Skirmisher (level 3, -12/30 HPs)
             Began as a Human Wanderer on June 10, 2015.
             Was an Initiate of Nemelex Xobeh.
             Mangled by a white ugly thing (27 damage)
             ... summoned by the player character
             ... on level 3 of the Dungeon.
             The game lasted 00:14:12 (1361 turns).

SirValor the Skirmisher (Human Wanderer)            Turns: 1361, Time: 00:14:22

Health: -12/30     AC:  5    Str: 11    XL:     3   Next: 95%
Magic:  3/3        EV: 10    Int: 15    God:    Nemelex Xobeh [......]
Gold:   35         SH:  0    Dex: 11    Spells: 0 memorised, 2 levels left

rFire  . . .     SeeInvis .     a - +2 spear
rCold  . . .     Clarity  .     p - +0 ring mail
rNeg   . . .     SustAb   .     (no shield)
rPois  .         Gourm    .     (no helmet)
rElec  .         Spirit   .     (no cloak)
rCorr  .         Warding  .     (no gloves)
rMut   .         Stasis   .     (no boots)
MR     .....                    (no amulet)
Stlth  +.........               (no ring)
                                (no ring)

@: not resistant to hostile enchantments, very unstealthy
A: no striking features
a: Renounce Religion


You were on level 3 of the Dungeon.
You worshipped Nemelex Xobeh.
Nemelex Xobeh was noncommittal.
You were near starving.

You visited 1 branch of the dungeon, and saw 3 of its levels.

You collected 35 gold pieces.

Inventory:

Hand weapons
 a - a +2 spear (weapon)
Armour
 d - a +1 robe
 p - a +0 ring mail (worn)
 q - a +0 plate armour
Scrolls
 e - a scroll of remove curse
 g - a scroll of magic mapping {unknown}
 j - a scroll of identify {unknown}
 k - a scroll of recharging {unknown}
 l - a scroll of immolation {unknown}
 n - a scroll of enchant weapon {unknown}
 t - a scroll of fear {unknown}
 u - a scroll of random uselessness {unknown}
Potions
 b - a potion of lignification
 c - 6 potions of curing
 i - a potion of restore abilities {unknown}
 m - a potion of haste {unknown}
 o - a potion of poison {unknown}
 v - a potion of heal wounds {unknown}
Miscellaneous
 r - a plain deck of summoning {drawn: 1}
 s - a plain deck of war {drawn: 1}
Comestibles
 f - a bread ration
 h - 3 meat rations


   Skills:
 + Level 3.7 Fighting
 + Level 0.4 Polearms
 + Level 2.2 Throwing
 + Level 0.2 Armour
 + Level 2.2 Dodging
 + Level 1.0 Stealth
   Level 2.0 Conjurations
   Level 1.0 Air Magic


You had 2 spell levels left.
You didn't know any spells.

Dungeon Overview and Level Annotations

Branches:
Dungeon (3/15)

Altars:
Nemelex Xobeh


Message History

An adder comes into view.
A kobold comes into view. It is wielding a dagger.
The adder closely misses you.
Found a scroll of remove curse.
You draw a card...
It is Repulsiveness.
The adder closely misses you.
You hit the adder.
The adder is heavily wounded.
The adder completely misses you. The adder bites you.
The white ugly thing headbutts your cyan ugly thing.
The white ugly thing freezes your cyan ugly thing!!
You closely miss the adder.
The adder is heavily wounded.
The adder misses you.
Your cyan ugly thing misses the adder.
You closely miss the adder.
The adder is heavily wounded.
The adder bites you. The white ugly thing headbutts you!
The white ugly thing freezes you!!
Ouch! That really hurt!
You die...
Your body disappears without a glow.

..##.###.......####.##.
#<##...#.# #. #...#.#
#.##...#.# .###.....#.#
...........#
#.#.......##
...#..#.u.# ##...S@#
##..uK..?...#
#...#.#.....#
#..#...#.....#
#.......# #####
#####.### .. .. .


You could see a white ugly thing, an adder, a kobold and a friendly cyan ugly
thing.

Vanquished Creatures
  A worm (D:2)
  A giant gecko (D:1)
  An ooze (D:2)
  2 giant cockroaches
  4 goblins
  4 hobgoblins
  8 kobolds
  8 bats
  A giant newt (D:1)
  9 rats
39 creatures vanquished.

Vanquished Creatures (others)
  A quokka (D:2)
  A rat (D:2)
2 creatures vanquished.

Grand Total: 41 creatures vanquished

Notes
Turn   | Place    | Note
--------------------------------------------------------------
     0 | D:1      | SirValor, the Human Wanderer, began the quest for the Orb.
     0 | D:1      | SirValor set off with: a +2 spear, a potion of lignification, a potion of curing, a +0 robe, a bread ration
     0 | D:1      | Reached XP level 1. HP: 18/18 MP: 1/1
   303 | D:1      | Reached XP level 2. HP: 24/24 MP: 2/2
   607 | D:2      | Reached XP level 3. HP: 19/30 MP: 3/3
   899 | D:2      | Found a sparkling altar of Nemelex Xobeh.
   920 | D:2      | Became a worshipper of Nemelex Xobeh the Trickster
  1198 | D:2      | Received a gift from Nemelex Xobeh
  1358 | D:3      | Noticed a white ugly thing
  1361 | D:3      | Mangled by a white ugly thing

Action                   || total
-------------------------++-------
Melee: Spear             ||   139
Evoke: Deck              ||     2
  Use: Scroll            ||     2
       Potion            ||     1
